 Dungeon Crawl Stone Soup version 0.21.1-1-g345015f (webtiles) character file.

132413 inc the Spry (level 16, 0/90 HPs)
             Began as a Felid Transmuter on June 18, 2018.
             Was the Champion of Ru.
             Slain by Polyphemus (24 damage)
             ... on level 2 of the Shoals on June 19, 2018.
             The game lasted 02:26:53 (53829 turns).

inc the Spry (Felid Transmuter)                    Turns: 53829, Time: 02:26:53

Health: 0/90       AC: 10    Str:  6    XL:     16   Next: 27%
Magic:  13/24      EV: 44    Int: 16    God:    Ru [******]
Gold:   2530       SH:  4    Dex: 22    Spells: 8/24 levels left
                                        Lives:  0   Deaths: 5

rFire    x . .     SeeInvis +     - Unarmed
rCold    + + .     Gourm    .   (shield unavailable)
rNeg     . . .     Faith    .   (armour unavailable)
rPois    .         Spirit   .   (helmet unavailable)
rElec    .         Reflect  +   (cloak unavailable)
rCorr    .         Harm     .   (gloves unavailable)
MR       ++...                  (boots unavailable)
Stlth    ++++......             W - +4 amulet of reflection
HPRegen  0.25/turn              L - ring of ice
MPRegen  0.19/turn              F - ring of Phasing {EV+8}

@: icy armour, blade paws, no potions, no scrolls, drained, quick
A: very small, no armour, no weapons or thrown items, stealth, claws 1, fangs 3,
horns 1, see invisible, agile 1, carnivore, dopey 1, speed 1, robust 1, shaggy
fur 3, slow metabolism 1, inability to drink while threatened, inability to read
while threatened, inability to use devices, hated by all, no fire magic, no
hexes magic, no summoning magic
}: 1/15 runes: serpentine
a: End Transformation, Draw Out Power, Power Leap, Apocalypse, Renounce Religion


You were on level 2 of the Shoals.
You worshipped Ru.
Ru was exalted by your worship.
You were very full.
You had blades for front paws.
You visited 6 branches of the dungeon, and saw 30 of its levels.
You also visited: Labyrinth, Ice Cave and Volcano.

You collected 3252 gold pieces.
You spent 722 gold pieces at shops.

Inventory:

Jewellery
 g - an uncursed ring of fire
 i - an uncursed ring of ice
 s - an uncursed ring of protection from fire
 t - an uncursed ring of magical power
 v - a +2 ring of strength
 E - an uncursed ring of poison resistance
 F - the ring of Phasing (right scythe-like blade) {EV+8}
   (You found it on level 4 of the Snake Pit)

   [ring of evasion]

   It affects your evasion (+8).
 J - an uncursed ring of stealth
 L - a ring of ice (left scythe-like blade)
 O - a +6 ring of intelligence
 W - a +4 amulet of reflection (around neck)
Scrolls
 f - 4 scrolls of fear
 m - 11 scrolls of remove curse
 p - 5 scrolls of magic mapping
 r - 4 scrolls of amnesia
 x - 2 scrolls of immolation
 z - 2 scrolls of noise
 B - 2 scrolls of identify
 C - 2 scrolls of fog
 P - 5 scrolls of blinking
 S - a scroll of holy word
 T - 2 scrolls of brand weapon
 Y - 7 scrolls of teleportation
Potions
 d - 2 potions of mutation
 e - 2 potions of resistance
 j - 6 potions of might
 k - 5 potions of heal wounds
 n - 4 potions of lignification
 o - a potion of cancellation
 q - 3 potions of magic
 w - 3 potions of agility
 A - a potion of ambrosia
 I - 5 potions of curing
 K - 4 potions of brilliance
 M - a potion of haste
 R - 3 potions of flight
 X - 2 potions of degeneration
 Z - a potion of invisibility
Books
 b - a book of Changes

   Spells                             Type                      Level
   a - Beastly Appendage              Transmutation                1
   b - Sticks to Snakes               Transmutation                2
   c - Spider Form                    Transmutation/Poison         3
   d - Ice Form                       Ice/Transmutation            4
   e - Blade Hands                    Transmutation                5
 l - the Volume of the Frostbite
   (You found it in an ice cave)

   Spells                             Type                      Level
   a - Ensorcelled Hibernation        Hexes/Ice                    2
   b - Ozocubu's Armour               Charms/Ice                   3
   c - Summon Ice Beast               Ice/Summoning                4
   d - Bolt of Cold                   Conjuration/Ice              6
   e - Freezing Cloud                 Conjuration/Ice/Air          6
   f - Simulacrum                     Ice/Necromancy               6
 y - a book of Misfortune

   Spells                             Type                      Level
   a - Confusing Touch                Hexes                        1
   b - Confuse                        Hexes                        3
   c - Gell's Gravitas                Translocation                3
   d - Petrify                        Transmutation/Earth          4
   e - Metabolic Englaciation         Hexes/Ice                    5
   f - Yara's Violent Unravelling     Hexes/Transmutation          5
 D - a book of Conjurations

   Spells                             Type                      Level
   a - Magic Dart                     Conjuration                  1
   b - Searing Ray                    Conjuration                  2
   c - Dazzling Spray                 Conjuration/Hexes            3
   d - Fulminant Prism                Conjuration/Hexes            4
   e - Force Lance                    Conjuration/Translocation    4
   f - Iskenderun's Mystic Blast      Conjuration                  4
 G - a book of Flames

   Spells                             Type                      Level
   a - Flame Tongue                   Conjuration/Fire             1
   b - Throw Flame                    Conjuration/Fire             2
   c - Conjure Flame                  Conjuration/Fire             3
   d - Inner Flame                    Hexes/Fire                   3
   e - Sticky Flame                   Conjuration/Fire             4
   f - Fireball                       Conjuration/Fire             5
 H - a book of the Tempests

   Spells                             Type                      Level
   a - Static Discharge               Conjuration/Air              3
   b - Lightning Bolt                 Conjuration/Air              5
   c - Ignition                       Fire                         8
   d - Tornado                        Air                          9
   e - Shatter                        Earth                        9
 Q - a book of Frost

   Spells                             Type                      Level
   a - Freeze                         Ice                          1
   b - Throw Frost                    Conjuration/Ice              2
   c - Ozocubu's Armour               Charms/Ice                   3
   d - Throw Icicle                   Conjuration/Ice              4
   e - Summon Ice Beast               Ice/Summoning                4
 U - a book of Party Tricks

   Spells                             Type                      Level
   a - Summon Butterflies             Summoning                    1
   b - Apportation                    Translocation                1
   c - Lesser Beckoning               Translocation                3
   d - Tukima's Dance                 Hexes                        3
   e - Alistair's Intoxication        Transmutation/Poison         5
   f - Invisibility                   Hexes                        6
 V - a book of Changes

   Spells                             Type                      Level
   a - Beastly Appendage              Transmutation                1
   b - Sticks to Snakes               Transmutation                2
   c - Spider Form                    Transmutation/Poison         3
   d - Ice Form                       Ice/Transmutation            4
   e - Blade Hands                    Transmutation                5
Comestibles
 a - 2 chunks of flesh
 c - 28 rations


   Skills:
 - Level 15.9(15.7) Fighting
 - Level 18.6(18.4) Dodging
 - Level 11.9(11.7) Stealth
 - Level 17.9(17.7) Unarmed Combat
 - Level 4.9(4.7) Spellcasting
 - Level 7.2(7.1) Charms
 + Level 12.4(12.3) Transmutations
 - Level 5.5(5.3) Ice Magic
 - Level 5.1(5.0) Poison Magic


You had 8 spell levels left.
You knew the following spells:

 Your Spells              Type           Power        Failure   Level  Hunger
a - Blade Hands           Tmut           #####.....   24%         5    ######.
b - Ozocubu's Armour      Chrm/Ice       #####...     28%         3    ###....
c - Spider Form           Tmut/Pois      ####......   17%         3    ###....
d - Alistair's Intoxicat  Tmut/Pois      ####....     50%         5    ######.


Dungeon Overview and Level Annotations

Branches:
Dungeon (15/15)            Temple (1/1) D:6            Lair (6/6) D:11
 Shoals (2/4) Lair:2        Snake (4/4) Lair:3        Slime (0/5) Lair:5
    Orc (2/2) D:9             Elf (0/3) Orc:2        Vaults (0/5) D:13
 Depths (0/5) D:15

Altars:
Ashenzari
Cheibriados
Dithmenos
Elyvilon
Fedhas
Gozag
Hepliaklqana
Kikubaaqudgha
Makhleb
Nemelex Xobeh
Okawaru
Qazlal
Ru
Sif Muna
Trog
Uskayaw
Vehumet
Wu Jian
Xom
Yredelemnul
Zin
The Shining One
Beogh

Shops:
D:5 *   D:9 *   D:13 *   D:14 *   Orc:1 *   Orc:2 [*}?   Snake:1 :?   Snake:3 :

Portals:
Pandemonium: Orc:2
Trove: D:12 (give 6 scrolls of blinking)

Annotations:
D:3 Sigmund
D:5 fly's ghost, novice HuFi
D:8 twistedcrescendo's ghost, novice MiBe
Lair:5 exclusion: 2 oklob plants
Shoals:2 Louise; Polyphemus


Innate Abilities, Weirdness & Mutations

You cannot wear armour.
You are incapable of wielding weapons or throwing items.
Your paws allow you to move quietly. (Stealth)
You have sharp claws.
You have razor-sharp teeth.
You have supernaturally acute eyesight. (SInv)
You are carnivorous and can eat meat at any time.
You are dopey. (Int -2)
You cover ground quickly.
Your thick and shaggy fur keeps you warm. (AC +3, rC+)
You have a slow metabolism.
You cannot drink potions while threatened.
You cannot read scrolls while threatened.
You cannot study or use magical devices.
You are hated by all.
You cannot study or cast Fire magic.
You cannot study or cast Hexes magic.
You cannot study or cast Summoning magic.
((Your sharp claws are effective at attacking unaware monsters.))
You have a pair of small horns on your head.
You are agile. (Dex +2)
You are robust. (+10% HP)


Message History

Found a trident.
You feel sick.
You are no longer poisoned.
You can read scrolls again.
c - 28 rations (gained 1) Polyphemus throws a large rock.
You reflect the large rock off an invisible shield around you!
The large rock barely misses Polyphemus.
Louise casts a spell at you. You resist with almost no effort.
A catoblepas comes into view.
You feel less exhausted.
Polyphemus throws a large rock.
The large rock closely misses you. Polyphemus completely misses you.
Polyphemus misses you.
Casting: Ozocubu's Armour
Confirm with . or Enter, or press ? or * to list all spells.
Your front paws turn into razor-sharp scythe blades.
You block Polyphemus's attack. Polyphemus hits you!!
You feel threatened and lose the ability to read scrolls!
You die...

.P........≈≈≈≈.....≈≈≈≈≈≈
P.S.....≈≈..((((....≈≈≈≈≈≈
...P...≈≈≈≈..####†..≈≈≈≈≈≈
.#P...≈≈≈≈≈..# ##....≈≈≈≈≈
......≈≈≈≈≈Y.###.....≈@≈≈≈
....P≈P≈P≈....##....≈≈≈≈≈≈
...P.P≈≈P.......)..≈≈≈≈≈≈≈
PP....P....C)..@....≈≈≈≈≈≈
PPP.......@.).†.....≈≈≈≈≈≈
PPP.P...###........≈≈≈≈≈≈≈
≈≈≈.P...###....#...≈≈≈≈≈≈≈
≈≈P..PP.##.Y≈≈.....≈≈≈≈≈≈≈
≈≈≈≈.....P..≈≈....≈≈≈≈≈≈≈≈
≈≈≈≈≈.............≈≈≈≈≈≈≈≈
≈≈≈≈≈≈≈..P.(.≈..≈.≈≈≈≈
≈≈≈≈≈≈≈≈≈≈≈≈≈≈≈≈≈≈≈≈≈≈
≈≈≈≈≈≈≈≈≈≈≈≈≈≈≈≈≈≈≈


You could see Polyphemus, Louise, a death yak and a catoblepas.

Vanquished Creatures
  Frances (D:14)
  Agnes (Snake:3)
  10 nagarajas
  2 orc warlords
  A dire elephant (Lair:6)
  Fannar (Lair:3)
  Snorg (Orc:1)
  A minotaur (Lab)
  5 merfolk impalers
  The ghost of Jaiteiro the Cleaver, a journeyman MiFi of Okawaru (D:12)
  13 naga warriors
  3 centaur warriors
  3 merfolk aquamancers
  A merfolk avatar (Shoals:1)
  2 catoblepae
  Erica (Lair:1)
  23 anacondas
  An ogre mage (D:15)
  17 two-headed ogres
  A deep troll shaman (Lair:6)
  12 death yaks
  4 orc high priests (Orc:2)
  8 naga sharpshooters
  5 shock serpents
  Sonja (D:12)
  7 skeletal warriors (D:15)
  2 salamander mystics (Snake:4)
  3 sea snakes
  2 unseen horrors
  A flayed ghost (D:15)
  15 naga ritualists
  A gelid demonspawn (Orc:2)
  15 harpies
  An infernal demonspawn (Orc:2)
  A lindwurm (Lair:6)
  2 necromancers
  A wizard (D:13)
  5 orc knights (Orc:2)
  7 mana vipers
  12 manticores
  3 fauns (Shoals:2)
  A wolf spider zombie (D:15)
  A stone giant zombie (D:15)
  12 salamanders
  2 deep elf magi
  2 cyclopes
  An ugly thing (D:12)
  9 orc sorcerers
  A fire giant skeleton (D:15)
  An ice statue (IceCv)
  4 centaur zombies
  6 merfolk sirens
  43 black mambas
  17 guardian serpents
  16 elephants
  15 naga magi
  9 spiny frogs
  5 water nymphs
  2 centaur skeletons (D:15)
  A gargoyle (D:12)
  An orange demon (Orc:2)
  Psyche (D:8)
  2 kobold demonologists
  5 komodo dragons
  3 rime drakes
  10 freezing wraiths (IceCv)
  A spriggan skeleton (D:15)
  2 hellwings (Orc:2)
  A red devil (Orc:2)
  7 merfolk
  A tengu conjurer (D:15)
  11 trolls
  3 polar bears
  2 hornets
  8 blink frogs
  2 wind drakes (Shoals:2)
  10 hippogriffs
  4 slime creatures (D:12)
  4 snapping turtles
  3 redbacks (Lab)
  6 water elementals
  2 wraiths
  6 basilisks
  A fire bat (Volcano)
  A ynoxinul (Orc:2)
  An ettin skeleton (D:15)
  5 wyverns
  42 yaks
  A fire elemental (Volcano)
  A neqoxec (Orc:2)
  6 hungry ghosts
  47 nagas
  8 vampire mosquitoes
  2 wargs
  4 acid dragons
  2 soldier ants
  2 hell hounds (Volcano)
  8 water moccasins
  6 sky beasts
  50 orc warriors
  7 porcupines
  An eye of draining (shapeshifter) (D:14)
  8 ice beasts
  A necrophage (D:9)
  2 phantoms
  An eye of draining (D:12)
  3 black bears
  10 wolves
  13 centaurs
  11 crocodiles
  13 ogres
  2 big kobolds
  24 bullfrogs
  An earth elemental (Lab)
  A wyvern skeleton (D:14)
  A wyvern zombie (D:11)
  5 scorpions
  21 killer bees
  2 electric eels (Lair:6)
  10 wights (D:14)
  5 howler monkeys
  9 crimson imps
  A lava snake (Lair:2)
  A quasit (D:10)
  A bullfrog zombie (D:13)
  6 draconian simulacra (IceCv)
  38 orc priests
  8 jellies
  4 bullfrog skeletons
  3 hounds
  2 hell rats
  Natasha (thrice) (D:2)
  4 iguanas
  21 orc wizards
  2 spriggan simulacra (IceCv)
  7 worker ants
  2 polar bear simulacra (IceCv)
  5 troll simulacra (IceCv)
  2 wolf simulacra (IceCv)
  A killer bee zombie (D:5)
  2 centaur simulacra (IceCv)
  2 howler monkey skeletons
  6 gnolls
  16 adders
  3 ogre simulacra (IceCv)
  2 river rats (D:11)
  2 naga simulacra (IceCv)
  4 shadow imps
  13 white imps
  12 oozes
  An adder zombie (D:2)
  An adder skeleton (D:4)
  5 worms
  9 leopard geckos
  96 orcs
  2 ball pythons
  7 giant cockroaches
  8 goblins
  6 hobgoblins
  27 jackals
  15 kobolds
  4 quokkas
  5 bats
  5 frilled lizards
  A leopard gecko skeleton (D:5)
  A quokka skeleton (D:10)
  7 rats
  A fungus (D:7)
  23 plants
1175 creatures vanquished.

Vanquished Creatures (collateral kills)
  An iguana (D:4)
  A worker ant (D:4)
2 creatures vanquished.

Vanquished Creatures (others)
  A merfolk aquamancer (Shoals:2)
  A naga sharpshooter (Snake:3)
  An elephant (Lair:6)
  A manticore (Shoals:1)
  A guardian serpent (Snake:4)
  A komodo dragon (Lair:6)
  A merfolk (Shoals:1)
  A water elemental (Shoals:2)
  A centaur (Volcano)
  A killer bee (D:10)
  A hound (D:5)
  An orc wizard (Orc:1)
  A worker ant (D:5)
  A hound skeleton (D:8)
  A leopard gecko (D:5)
  2 orcs (Orc:1)
  A frilled lizard (D:5)
  10 fungi
  17 plants
  4 withered plants (D:15)
49 creatures vanquished.

Grand Total: 1226 creatures vanquished

Notes
Turn   | Place    | Note
-------+----------+-------------------------------------------
     0 | D:1      | inc the Felid Transmuter began the quest for the Orb.
     0 | D:1      | Reached XP level 1. HP: 9/9 MP: 4/4
   148 | D:1      | Reached XP level 2. HP: 4/12 MP: 6/6
  1096 | D:1      | Reached XP level 3. HP: 15/15 MP: 7/7
  1100 | D:1      | Learned a level 2 spell: Sticks to Snakes
  1104 | D:1      | Learned a level 3 spell: Spider Form
  1512 | D:2      | Found a bloodstained altar of Trog.
  1522 | D:2      | Reached skill level 3 in Dodging
  2340 | D:2      | Noticed Natasha
  2348 | D:2      | Killed Natasha
  2348 | D:2      | Reached XP level 4. HP: 15/19 MP: 4/8
  2375 | D:2      | Noticed Natasha
  2386 | D:2      | Killed Natasha
  2386 | D:2      | Reached skill level 4 in Dodging
  2606 | D:3      | Noticed Sigmund
  2748 | D:2      | Noticed Natasha
  2755 | D:2      | Killed Natasha
  2755 | D:2      | Reached XP level 5. HP: 16/23 MP: 5/9
  3930 | D:4      | Found a sacrificial altar of Ru.
  3933 | D:4      | Found a blossoming altar of Fedhas.
  3936 | D:4      | Found a white marble altar of Elyvilon.
  3951 | D:4      | Found a glowing golden altar of the Shining One.
  3998 | D:4      | Became a worshipper of Ru the Awakened
  4489 | D:4      | Reached skill level 5 in Transmutations
  4769 | D:4      | Gained mutation: You are covered in thick fur. (AC +2) [Felid growth]
  4769 | D:4      | Reached XP level 6. HP: 28/28 MP: 7/10
  6302 | D:5      | Entered Level 5 of the Dungeon
  6330 | D:5      | Gained mutation: You cannot study or cast Fire magic. [Ru sacrifice]
  6330 | D:5      | Gained mutation: You cannot study or cast Hexes magic. [Ru sacrifice]
  6330 | D:5      | Gained mutation: You cannot study or cast Summoning magic. [Ru sacrifice]
  6330 | D:5      | Reached * piety under Ru
  6383 | D:5      | Noticed fly's ghost (novice HuFi)
  6495 | D:5      | Reached XP level 7. HP: 24/31 MP: 11/11
  6521 | D:5      | Found Ixtomomm's Assorted Antiques.
  6778 | D:5      | Found a shimmering altar of Xom.
  7348 | D:6      | Found a staircase to the Ecumenical Temple.
  7382 | D:6      | Gained mutation: Your flesh is heat resistant. (rF+) [potion of mutation]
  7382 | D:6      | Gained mutation: Your spells are a little harder to cast, but a little more powerful. [potion of mutation]
  7385 | D:6      | Lost mutation: Your spells are a little harder to cast, but a little more powerful. [potion of mutation]
  7385 | D:6      | Lost mutation: Your flesh is heat resistant. (rF+) [potion of mutation]
  7385 | D:6      | Gained mutation: You are agile. (Dex +2) [potion of mutation]
  7385 | D:6      | Gained mutation: You have a pair of small horns on your head. [potion of mutation]
  7385 | D:6      | Gained mutation: You are robust. (+10% HP) [potion of mutation]
  7474 | Temple   | Entered the Ecumenical Temple
  8144 | D:6      | Reached skill level 5 in Dodging
  8372 | D:6      | Reached skill level 6 in Dodging
  8637 | D:6      | Reached XP level 8. HP: 19/37 MP: 8/12
  8829 | D:6      | Reached skill level 7 in Dodging
  9445 | D:7      | Reached skill level 8 in Dodging
  9576 | D:7      | Found an iron altar of Okawaru.
  9625 | D:7      | Found a bloodstained altar of Trog.
  9706 | D:7      | Gained mutation: You cannot study or use magical devices. [Ru sacrifice]
  9706 | D:7      | Reached ** piety under Ru
  9706 | D:7      | Reached *** piety under Ru
  9845 | D:7      | Reached skill level 9 in Dodging
  9900 | D:7      | Noticed a hippogriff
 10170 | D:7      | Found a shimmering altar of Xom.
 10224 | D:7      | Killed a hippogriff
 10700 | D:8      | Noticed a hippogriff
 10714 | D:8      | Killed a hippogriff
 10714 | D:8      | Reached skill level 10 in Transmutations
 10979 | D:8      | Learned a level 5 spell: Blade Hands
 11125 | D:8      | Reached XP level 9. HP: 40/40 MP: 7/13
 11222 | D:8      | Noticed Psyche
 11332 | D:8      | Killed Psyche
 11393 | D:8      | Noticed twistedcrescendo's ghost (novice MiBe)
 11907 | D:9      | Noticed a two-headed ogre
 11949 | D:9      | Noticed a troll
 11961 | D:9      | Killed a troll
 11961 | D:9      | Reached skill level 5 in Fighting
 12743 | D:9      | Killed a two-headed ogre
 12743 | D:9      | Reached XP level 10. HP: 48/52 MP: 6/14
 12785 | D:9      | Found an iron altar of Okawaru.
 12841 | D:9      | Slain by an orc priest
 12842 | D:9      | Reached XP level 9. HP: -2/49 MP: 13/13
 12859 | D:9      | Found a staircase to the Orcish Mines.
 12870 | D:9      | Gained mutation: You cannot read scrolls while threatened. [Ru sacrifice]
 12870 | D:9      | Reached **** piety under Ru
 12870 | D:9      | Reached ***** piety under Ru
 12877 | D:9      | Found Pagru's Assorted Antiques.
 12900 | D:9      | Mangled by an orc warrior
 12901 | D:9      | Reached XP level 8. HP: -13/45 MP: 8/12
 13342 | D:9      | Noticed a deep elf mage
 13352 | D:9      | Killed a deep elf mage
 13352 | D:9      | Reached skill level 5 in Unarmed Combat
 13415 | D:9      | Reached XP level 9. HP: 32/49 MP: 8/13
 13542 | D:9      | Noticed a troll
 13550 | D:9      | Killed a troll
 13797 | D:10     | Entered Level 10 of the Dungeon
 14150 | D:10     | Noticed an unseen horror
 14159 | D:10     | Killed an unseen horror
 14268 | D:10     | Noticed a two-headed ogre
 14905 | D:10     | Killed a two-headed ogre
 14905 | D:10     | Reached XP level 10. HP: 24/56 MP: 8/14
 15850 | D:11     | Noticed a manticore
 15863 | D:11     | Killed a manticore
 15880 | D:11     | Noticed a two-headed ogre
 15891 | D:11     | Killed a two-headed ogre
 16061 | D:11     | Noticed a death yak
 16064 | D:11     | Found a staircase to the Lair.
 16065 | D:11     | Noticed a death yak
 16093 | D:11     | Noticed a death yak
 16096 | D:11     | Killed a death yak
 16385 | D:11     | Reached skill level 10 in Unarmed Combat
 16517 | D:11     | Noticed a two-headed ogre
 16931 | D:10     | Killed a death yak
 16931 | D:10     | Reached XP level 11. HP: 20/59 MP: 10/15
 17479 | D:12     | Noticed a two-headed ogre
 17681 | Lair:1   | Entered Level 1 of the Lair of Beasts
 17695 | Lair:1   | Reached skill level 10 in Dodging
 17786 | Lair:1   | Annihilated by a komodo dragon
 17787 | Lair:1   | Reached XP level 10. HP: -23/56 MP: 11/14
 17822 | Lair:1   | Reached skill level 11 in Dodging
 18291 | Lair:3   | Noticed an eight-headed hydra
 18300 | Lair:1   | Noticed a spiny frog
 18307 | Lair:1   | Noticed a spiny frog
 18310 | Lair:1   | Killed a spiny frog
 18315 | Lair:1   | Killed a spiny frog
 18327 | Lair:2   | Reached skill level 12 in Dodging
 18443 | Lair:1   | Reached skill level 1 in Stealth
 18699 | Lair:1   | Noticed a spiny frog
 18709 | Lair:1   | Killed a spiny frog
 18742 | Lair:1   | Reached XP level 11. HP: 59/59 MP: 13/15
 18890 | Lair:1   | Noticed a catoblepas
 18899 | Lair:1   | Noticed Erica
 18907 | Lair:1   | Killed Erica
 18907 | Lair:1   | Reached skill level 5 in Stealth
 18911 | Lair:1   | Killed a catoblepas
 19575 | Lair:2   | Found a staircase to the Shoals.
 19611 | Lair:2   | Noticed an eight-headed hydra
 19705 | Lair:3   | Noticed Fannar
 19722 | Lair:3   | Killed Fannar
 19753 | Lair:3   | Found a staircase to the Snake Pit.
 21436 | Lair:4   | Reached skill level 10 in Fighting
 21636 | Lair:4   | Gained mutation: Your thick and shaggy fur keeps you warm. (AC +3, rC+) [Felid growth]
 21636 | Lair:4   | Reached XP level 12. HP: 60/63 MP: 10/16
 22551 | Lair:4   | Reached skill level 13 in Dodging
 22622 | Lair:5   | Found a staircase to the Slime Pits.
 22730 | Lair:5   | Found an ancient bone altar of Kikubaaqudgha.
 22787 | Lair:5   | Noticed a death yak
 22787 | Lair:5   | Noticed a death yak
 22868 | Lair:5   | Killed a death yak
 22914 | Lair:5   | Killed a death yak
 22918 | Lair:5   | Noticed a death yak
 22918 | Lair:5   | Noticed a death yak
 22952 | Lair:5   | Killed a death yak
 23155 | Lair:5   | Killed a death yak
 23900 | Lair:6   | Entered Level 6 of the Lair of Beasts
 23949 | Lair:6   | Found a frozen archway.
 23958 | IceCv    | Entered an ice cave
 24016 | IceCv    | Reached skill level 14 in Dodging
 24728 | IceCv    | Found an ancient bone altar of Kikubaaqudgha.
 24909 | IceCv    | Reached XP level 13. HP: 61/70 MP: 13/17
 25147 | IceCv    | Identified the Volume of the Frostbite
 25160 | IceCv    | Learned a level 3 spell: Ozocubu's Armour
 25347 | Lair:6   | Reached skill level 1 in Charms
 25365 | Lair:6   | Reached skill level 1 in Ice Magic
 26534 | Lair:6   | Reached skill level 5 in Charms
 26603 | Lair:6   | Noticed a dire elephant
 26986 | Lair:6   | Killed a dire elephant
 27089 | Lair:6   | Reached skill level 5 in Ice Magic
 27110 | Lair:6   | Found the +9 sword of Zonguldrok {reap}
 27694 | Lair:6   | Gained mutation: You are hated by all. [Ru sacrifice]
 28310 | D:11     | Found a burning altar of Makhleb.
 29028 | D:11     | Reached skill level 15 in Dodging
 29338 | D:12     | Reached XP level 14. HP: 67/74 MP: 9/18
 29395 | D:12     | Noticed Sonja
 29405 | D:12     | Noticed Jaiteiro's ghost (journeyman MiFi)
 29429 | D:12     | Killed Sonja
 29433 | D:12     | Killed Jaiteiro's ghost
 29703 | D:12     | Found a portal to a secret trove of treasure.
 29964 | D:12     | Gained mutation: You cannot drink potions while threatened. [Ru sacrifice]
 30309 | D:13     | Found a gate to the Vaults.
 30320 | D:13     | Reached skill level 16 in Dodging
 30773 | D:13     | Found Igikuq's Assorted Antiques.
 31518 | D:14     | Gained mutation: You are dopey. (Int -2) [Ru sacrifice]
 31518 | D:14     | Reached ****** piety under Ru
 31602 | D:14     | Found an iron altar of Okawaru.
 31854 | D:14     | Found Vatham Jix's General Store.
 32124 | D:14     | Noticed Frances
 32139 | D:14     | Killed Frances
 32578 | D:15     | Entered Level 15 of the Dungeon
 32977 | Orc:1    | Entered Level 1 of the Orcish Mines
 33357 | Orc:1    | Noticed Snorg
 33365 | Orc:1    | Found a dark tunnel.
 33373 | Volcano  | Entered a volcano
 33834 | Orc:1    | Killed Snorg
 33947 | Orc:1    | Found Avainij's General Store.
 33952 | Orc:1    | Bought a potion of might for 56 gold pieces
 33992 | Orc:1    | Noticed an orc warlord
 34125 | Orc:1    | Killed an orc warlord
 34376 | Orc:2    | Entered Level 2 of the Orcish Mines
 34586 | Orc:2    | Found a labyrinth entrance.
 34594 | Lab      | Entered a labyrinth
 36300 | Orc:2    | Found a staircase to the Elven Halls.
 36300 | Orc:2    | Noticed an orc warlord
 36634 | Orc:2    | Reached XP level 15. HP: 80/80 MP: 11/19
 37072 | Orc:2    | Killed an orc warlord
 37349 | Orc:2    | Found Bufaim's Magic Scroll Boutique.
 37352 | Orc:2    | Found Likaot's General Store.
 37589 | Orc:2    | Bought a scroll of magic mapping for 42 gold pieces
 37589 | Orc:2    | Bought a scroll of magic mapping for 42 gold pieces
 37589 | Orc:2    | Bought a scroll of magic mapping for 42 gold pieces
 38292 | Orc:2    | Found a roughly hewn altar of Beogh.
 38763 | Orc:2    | Found Feoqau's Gadget Shoppe.
 38763 | Orc:2    | Found Dograefo's Antique Armour Emporium.
 38763 | Orc:2    | Found a one-way gate leading to the halls of Pandemonium.
 38825 | Orc:2    | Bought a +4 amulet of reflection for 378 gold pieces
 39264 | D:15     | Found a blossoming altar of Fedhas.
 39549 | D:15     | Reached skill level 15 in Fighting
 40314 | D:15     | Found a staircase to the Depths.
 41142 | Snake:1  | Entered Level 1 of the Snake Pit
 41274 | Snake:1  | Found a hide-covered altar of Uskayaw.
 41746 | Snake:1  | Reached skill level 17 in Dodging
 42061 | Snake:1  | Found Bafac's Book Shoppe.
 42166 | Snake:1  | Reached XP level 16. HP: 68/90 MP: 4/20
 42477 | Snake:1  | Found Puduna's Magic Scroll Emporium.
 42485 | Snake:1  | Bought a scroll of teleportation for 36 gold pieces
 42485 | Snake:1  | Bought a scroll of teleportation for 36 gold pieces
 42485 | Snake:1  | Bought a scroll of blinking for 90 gold pieces
 42764 | Snake:2  | Found a shimmering altar of Xom.
 42778 | Snake:1  | Reached skill level 18 in Dodging
 43472 | Snake:2  | HP: 4/90 [poisoned by a nagaraja (bolt of poison)]
 43477 | Snake:2  | HP: 2/90 [poisoned by a nagaraja (bolt of poison)]
 45929 | Snake:3  | Found Ifagasuz's Book Shoppe.
 46140 | Snake:3  | Noticed Agnes
 46154 | Snake:3  | Killed Agnes
 47170 | Snake:3  | Reached skill level 10 in Stealth
 48105 | Snake:4  | Entered Level 4 of the Snake Pit
 48454 | Snake:4  | Found the ring of Phasing {EV+8}
 48530 | Snake:4  | Reached skill level 15 in Unarmed Combat
 48882 | Snake:4  | Reached XP level 17. HP: 74/94 MP: 19/25
 51461 | Snake:4  | HP: 1/94 [nagaraja/spear (23)]
 51461 | Snake:4  | Slain by a nagaraja
 51462 | Snake:4  | Reached XP level 16. HP: -3/90 MP: 24/24
 51551 | Snake:4  | Got a serpentine rune of Zot
 51807 | Lair:2   | Learned a level 5 spell: Alistair's Intoxication
 51814 | Shoals:1 | Entered Level 1 of the Shoals
 51829 | Lair:2   | Reached skill level 1 in Poison Magic
 52447 | Shoals:1 | Reached skill level 5 in Poison Magic
 52447 | Shoals:1 | Reached XP level 17. HP: 67/94 MP: 19/25
 53696 | Shoals:2 | Hit by a large rock thrown by a cyclops
 53697 | Shoals:2 | Reached XP level 16. HP: -12/90 MP: 14/24
 53788 | Shoals:2 | Noticed Louise
 53807 | Shoals:2 | Noticed Polyphemus
 53829 | Shoals:2 | Slain by Polyphemus

Skill      XL: |  1  2  3  4  5  6  7  8  9 10 11 12 13 14 15 16 17 |
---------------+----------------------------------------------------+-----
Transmutations | 3 5 6 8 10 11 12 | 12.4
Dodging        | 3 4 6 9 12 10 14 15 16 17 18 | 18.6
Fighting       | 2 3 9 10 11 13 15 | 15.9
Unarmed Combat | 5 7 10 12 13 14 15 17 | 17.9
Stealth        | 4 5 11 | 11.9
Charms         | 7 |  7.2
Ice Magic      | 5 |  5.5
Spellcasting   | 4 |  4.9
Poison Magic   | 5 |  5.1

Action                   |  1- 3 |  4- 6 |  7- 9 | 10-12 | 13-15 | 16-18 || total
-------------------------+-------+-------+-------+-------+-------+-------++-------
Melee: Unarmed           |   146 |   314 |   574 |   711 |  1419 |   990 ||  4154
       Bite              |    11 |    14 |    40 |    98 |   173 |   103 ||   439
       Punch             |     2 |     5 |     3 |    34 |    99 |    71 ||   214
       Headbutt          |     2 |     6 |    53 |   133 |   288 |   176 ||   658
 Cast: Beastly Appendage |     3 |     6 |     1 |       |       |       ||    10
       Spider Form       |     2 |    19 |    31 |     1 |     2 |       ||    55
       Sticks to Snakes  |       |     5 |     8 |     2 |     1 |       ||    16
       Blade Hands       |       |       |    27 |    87 |   126 |    78 ||   318
       Ozocubu's Armour  |       |       |       |       |    68 |    25 ||    93
Invok: Sacrifice Arcana  |       |     1 |       |       |       |       ||     1
       Sacrifice Artific |       |       |     1 |       |       |       ||     1
       Sacrifice Words   |       |       |     1 |       |       |       ||     1
       Draw Out Power    |       |       |       |     2 |     1 |     9 ||    12
       Power Leap        |       |       |       |     3 |     4 |    10 ||    17
       Reject Sacrifices |       |       |       |     1 |       |       ||     1
       Sacrifice Love    |       |       |       |       |     1 |       ||     1
       Sacrifice Purity  |       |       |       |       |     1 |       ||     1
       Sacrifice Drink   |       |       |       |       |     1 |       ||     1
       Apocalypse        |       |       |       |       |     2 |     1 ||     3
 Abil: End Transformatio |       |       |     1 |       |       |       ||     1
  Use: Scroll            |       |     2 |     6 |    13 |    12 |     4 ||    37
       Potion            |       |     2 |     6 |     4 |     3 |     1 ||    16
 Stab: Sleeping          |     4 |     2 |     5 |     5 |     9 |    14 ||    39
       Distracted        |       |     1 |     6 |     9 |    13 |     6 ||    35
       Paralysed         |       |       |     1 |     5 |     9 |     9 ||    24
       Invisible         |       |       |       |     3 |     3 |    16 ||    22
       Petrified         |       |       |       |       |     6 |       ||     6
  Eat: Chunk             |     3 |    20 |    33 |    47 |    82 |    37 ||   222
       Ration            |       |       |       |     4 |     7 |    12 ||    23
Armor: Skin              |     5 |    10 |    12 |    11 |    52 |    28 ||   118
Dodge: Dodged            |   120 |   310 |   563 |   642 |  1195 |  1149 ||  3979
Block: Other             |       |       |       |       |    23 |   153 ||   176
       Reflection        |       |       |       |       |       |     8 ||     8
